 Dungeon Crawl Stone Soup version 0.26-a0-649-gf8c6c3aab7 (webtiles) character file.

Game seed: 9984961011667325601

6736 Drevant2 the Destroyer (level 10, -3/69 HPs)
             Began as a Purple Draconian Conjurer on Sept 26, 2020.
             Was a Believer of Sif Muna.
             Killed by the air
             ... invoked by Gastronok
              (21 damage)
             ... on level 9 of the Dungeon on Sept 27, 2020.
             The game lasted 00:43:02 (19021 turns).

Drevant2 the Destroyer (Purple Draconian Conjurer) Turns: 19021, Time: 00:43:02

Health: -3/69      AC:  9    Str: 10    XL:     10   Next: 75%
Magic:  23/23      EV: 13    Int: 21    God:    Sif Muna [**....]
Gold:   435        SH:  0    Dex: 10    Spells: 20/27 levels left

rFire    . . .     SeeInvis .   m - +3 dagger (venom)
rCold    . . .     Faith    .   (no shield)
rNeg     . . .     Spirit   .   (armour unavailable)
rPois    +         Reflect  .   (helmet restricted)
rElec    .         Harm     .   g - scarf {+Inv}
rCorr    .         Rampage  .   q - +1 pair of gloves {archery}
MR       +....                  (no boots)
Stlth    ++........             (no amulet)
HPRegen  0.21/turn              v - ring of poison resistance
MPRegen  0.18/turn              (no ring)

@: lethally poisoned (-3 -> -4), about to teleport
A: breathe power, unfitting armour, cold-blooded, AC +7
a: Breathe Dispelling Energy, Channel Magic, Renounce Religion, Evoke
Invisibility


You were on level 9 of the Dungeon.
You worshipped Sif Muna.
Sif Muna was pleased with you.
You visited 2 branches of the dungeon, and saw 12 of its levels.

You collected 622 gold pieces.
You spent 187 gold pieces at shops.

Inventory:

Hand Weapons
 a - a +0 whip
 m - a +3 dagger of venom (weapon)
Armour
 g - a scarf of invisibility (worn)
 q - a +1 pair of gloves of archery (worn)
 F - a scarf of harm
Jewellery
 v - a ring of poison resistance (left hand)
 w - a +6 ring of strength
Wands
 p - a wand of polymorph (13)
 r - a wand of iceblast (6)
 s - a wand of random effects (37)
 x - a wand of enslavement (3)
 y - a wand of flame (14)
Scrolls
 b - a scroll of teleportation
 c - 6 scrolls of immolation
 f - 2 scrolls of random uselessness {unknown}
 h - 5 scrolls of amnesia
 i - a scroll of enchant weapon
 j - 2 scrolls of enchant armour {unknown}
 k - 4 scrolls of fear
 n - 5 scrolls of remove curse {unknown}
 u - a scroll of magic mapping
 z - 2 scrolls of fog
 C - 2 scrolls of blinking
Potions
 d - 2 potions of resistance
 e - a potion of lignification
 l - 2 potions of ambrosia {unknown}
 o - 2 potions of mutation
 t - 2 potions of haste
 A - 2 potions of flight
 B - a potion of brilliance
 D - a potion of might
 E - a potion of stabbing


   Skills:
 + Level 3.4 Dodging
 - Level 1.7 Stealth
 - Level 9.0 Spellcasting
 - Level 11.1 Conjurations
 * Level 9.5 Translocations


You had 20 spell levels left.
You knew the following spells:

 Your Spells              Type           Power        Failure   Level
a - Magic Dart            Conj           ####         1%          1
b - Searing Ray           Conj           ######       1%          2
c - Iskenderun's Mystic   Conj/Tloc      ######..     1%          4

Your spell library contained the following spells:

 Spells                   Type           Power        Failure   Level
 Dazzling Flash           Conj/Hex       ####..       2%          3
 Freeze                   Ice            #...         7%          1
 Fulminant Prism          Conj/Hex       ####......   8%          4
 Hailstorm                Conj/Ice       ####....     8%          4
 Frozen Ramparts          Ice            #.....       22%         3
 Ozocubu's Armour         Ice            #.......     22%         3
 Summon Ice Beast         Ice/Summ       #.......     56%         4


Dungeon Overview and Level Annotations

Branches:
Dungeon (11/15)            Temple (1/1) D:4
   Lair: D:8-11         Orc: D:9-12

Altars:
Ashenzari
Cheibriados
Dithmenos
Elyvilon
Fedhas
Gozag
Hepliaklqana
Kikubaaqudgha
Makhleb
Nemelex Xobeh
Okawaru
Qazlal
Ru
Sif Muna
Trog
Uskayaw
Vehumet
Wu Jian
Xom
Yredelemnul
Zin
The Shining One

Shops:
D:9 (   D:10 !

Annotations:
D:9 Gastronok
D:10 Urug


Innate Abilities, Weirdness & Mutations

You can breathe bolts of dispelling energy.
Your rich purple scales are hard. (AC +7)
You cannot fit into any form of body armour.
You are cold-blooded and may be slowed by cold attacks.


Message History

* * * LOW HITPOINT WARNING * * *
The killer bee barely misses you.
Okay, then.
As you read the scroll of teleportation, it crumbles to dust.
You feel strangely unstable. The killer bee barely misses you.
The killer bee stings you but does no damage.
The killer bee misses you. The killer bee stings you.
* * * LOW HITPOINT WARNING * * *
Okay, then.
You feel sick. The killer bee barely misses you. x2
The killer bee closely misses you. The killer bee barely misses you.
Your surroundings suddenly seem different.
Gastronok gurgles horribly!
You hear an angry buzzing noise.
As you read the scroll of teleportation, it crumbles to dust.
You feel strangely unstable.
Gastronok waves his eye-stalks in wide circles.
The air twists around and strikes you!!
You die...

#.....'...####.....'.........>
####.....###...##.....######..<..
...'.....# ###..#.....# #.....
####.....# ##.#.....# ####.#
#.....# #.'.....# #.# ###'###
###.....# #.# #..# ###..## #..
##.# ###..### ### #.# #@.....# #
#######'## #......# ########
...#.....# #......####.∩.....
##(#.....### #w.....#..........
#.'.....'.# #......#.###......
###.....#.#####......'.# #......
#.....#.....'......### ######.
###+#########......# ##.. #.#
####'### #..#


You could see Gastronok.

Vanquished Creatures
  Joseph (D:9)
  A troll (D:9)
  2 hornets (D:8)
  A hippogriff (D:7)
  4 yaks (D:10)
  A wraith (D:10)
  Eustachio (D:6)
  A sky beast (D:10)
  4 orc warriors
  A porcupine (D:10)
  A phantom (D:10)
  2 ogres (D:10)
  2 centaurs
  A big kobold (D:7)
  2 bullfrogs (D:7)
  A gnoll sergeant (D:7)
  3 scorpions
  33 killer bees
  15 wights
  3 howler monkeys
  2 hounds
  2 centaur zombies
  A centaur skeleton (D:6)
  A jelly (D:8)
  4 orc priests
  5 iguanas
  Ijyb (D:3)
  2 bullfrog skeletons
  6 orc wizards
  7 worker ants
  2 hound skeletons (D:4)
  A howler monkey zombie (D:7)
  Robin (D:3)
  3 gnolls (D:7)
  7 adders
  3 shadow imps
  2 white imps
  An ufetubus (D:8)
  3 oozes
  An adder skeleton (D:5)
  3 worms (D:4)
  4 dart slugs
  6 leopard geckos
  30 orcs
  A ball python (D:5)
  6 giant cockroaches
  21 goblins
  4 hobgoblins
  15 jackals
  6 quokkas
  7 bats
  4 frilled lizards
  12 kobolds
  2 quokka zombies
  7 rats
263 creatures vanquished.

Vanquished Creatures (others)
  47 fungi (D:11)
  49 plants (D:11)
96 creatures vanquished.

Grand Total: 359 creatures vanquished

Notes
Turn   | Place    | Note
-------+----------+-------------------------------------------
     0 | D:1      | Drevant2 the Draconian Conjurer began the quest for the
                  | Orb.
     0 | D:1      | Reached XP level 1. HP: 14/14 MP: 3/3
   304 | D:1      | Reached XP level 2. HP: 20/20 MP: 3/5
  1543 | D:1      | Reached skill level 5 in Conjurations
  1847 | D:2      | Reached XP level 3. HP: 26/26 MP: 3/6
  2286 | D:2      | Learned a level 2 spell: Searing Ray
  3056 | D:3      | Reached XP level 4. HP: 27/33 MP: 1/7
  3535 | D:3      | Noticed Ijyb
  3675 | D:3      | Killed Ijyb
  3675 | D:3      | Reached skill level 6 in Conjurations
  4131 | D:3      | Reached XP level 5. HP: 37/38 MP: 8/8
  4253 | D:3      | Noticed Robin
  4404 | D:3      | Killed Robin
  4718 | D:4      | Reached skill level 7 in Conjurations
  4746 | D:4      | Reached XP level 6. HP: 45/45 MP: 4/9
  5252 | D:4      | Reached skill level 8 in Conjurations
  5441 | D:4      | Found a staircase to the Ecumenical Temple.
  6205 | D:4      | Learned a level 4 spell: Iskenderun's Mystic Blast
  6427 | D:5      | Entered Level 5 of the Dungeon
  6441 | Temple   | Entered the Ecumenical Temple
  6560 | Temple   | Became a worshipper of Sif Muna the Loreminder
  7008 | D:5      | Your scales start taking on a rich purple colour.
  7008 | D:5      | Reached XP level 7. HP: 50/50 MP: 7/10
  7082 | D:5      | Found a sparkling altar of Nemelex Xobeh.
  7196 | D:5      | Found a basalt altar of Yredelemnul.
  7982 | D:5      | Found a stormy altar of Qazlal.
  7983 | D:5      | Found a burning altar of Makhleb.
  8697 | D:6      | Noticed Eustachio
  8709 | D:6      | Killed Eustachio
  8709 | D:6      | Reached skill level 9 in Conjurations
  8996 | D:6      | Reached XP level 8. HP: 57/57 MP: 12/14
  9013 | D:6      | Found an iron altar of Okawaru.
  9190 | D:6      | Reached skill level 10 in Conjurations
  9254 | D:6      | Reached * piety under Sif Muna
  9336 | D:6      | Found a radiant altar of Vehumet.
  9615 | D:7      | Reached skill level 5 in Spellcasting
 10033 | D:7      | Noticed a hippogriff
 10043 | D:7      | Killed a hippogriff
 10209 | D:7      | Reached skill level 11 in Conjurations
 10363 | D:7      | Noticed a troll
 10467 | D:6      | Reached XP level 9. HP: 35/62 MP: 10/18
 11063 | D:7      | Reached skill level 1 in Translocations
 11735 | D:7      | Found a shadowy altar of Dithmenos.
 11735 | D:7      | Found a white marble altar of Elyvilon.
 11825 | D:7      | Found a snail-covered altar of Cheibriados.
 12293 | D:8      | Found a glowing golden altar of the Shining One.
 12293 | D:8      | Found an ancient bone altar of Kikubaaqudgha.
 12294 | D:8      | Found a hazy altar of Hepliaklqana.
 12612 | D:8      | Reached ** piety under Sif Muna
 12656 | D:8      | Found a sacrificial altar of Ru.
 12682 | D:8      | Reached skill level 5 in Translocations
 13141 | D:9      | Found Lovuo's Weapon Shoppe.
 13449 | D:9      | Noticed a troll
 13585 | D:10     | Entered Level 10 of the Dungeon
 14142 | D:10     | Reached XP level 10. HP: 26/69 MP: 10/22
 15806 | D:10     | Found Macovu's Distillery.
 15815 | D:10     | Bought a potion of flight for 33 gold pieces
 15815 | D:10     | Bought a potion of resistance for 110 gold pieces
 15815 | D:10     | Bought a potion of stabbing for 44 gold pieces
 15841 | D:10     | Noticed Urug
 16203 | D:9      | Noticed Gastronok
 16687 | D:11     | Noticed a two-headed ogre
 16771 | D:11     | Noticed a six-headed hydra
 17454 | D:9      | Noticed Joseph
 17460 | D:9      | Killed Joseph
 19021 | D:9      | Killed from afar by Gastronok

Illustrated notes

Levels and vault maps discovered:
D:1:      scummos_arrival_hexagon, layout_basic, hex_intersection
D:2:      minmay_angry_zag, layout_basic
D:3:      kennysheep_goblin_castle, layout_rooms, kennysheep_generic_room_5,
          uniq_ijyb
D:4:      layout_gridville, minmay_temple_entry_tees
D:5:      layout_layer_cave, nemelex_xobeh_ov_fountains_minmay,
          gammafunk_temple_overflow_statue, basic_altar
D:6:      layout_gridville, okawaru_gym_becter, vehumet_crystals, sword_in_stone
D:7:      layout_rooms, lemuel_round_altar, gammafunk_temple_overflow_pools,
          yredelemnul_forgotten_temple_becter
D:8:      layout_basic, gammafunk_temple_overflow_claw,
          nicolae_ru_sacrificial_ziggurat, minmay_diced_spiral
D:9:      layout_roguey, serial_shops, shop, minivault_7, uniq_gastronok,
          uniq_joseph
D:10:     layout_cave_pods, serial_shops, kennysheep_mini, uniq_urug
D:11:     layout_roguey, due_lair_maze_entry_diamond
Temple:   nicolae_temple_figure_zero

Skill      XL: |  1  2  3  4  5  6  7  8  9 10 |
---------------+-------------------------------+-----
Conjurations   | 5 6 7 8 9 11 | 11.1
Spellcasting   | 4 6 8 9 |  9.0
Translocations | 6 9 |  9.5
Dodging        | 3 |  3.4
Stealth        | |  1.7

Action                   |  1- 3 |  4- 6 |  7- 9 | 10-12 || total
-------------------------+-------+-------+-------+-------++-------
Melee: Dagger            |    93 |   101 |   164 |    95 ||   453
       Tailslap          |     8 |     7 |    13 |    10 ||    38
 Cast: Magic Dart        |    74 |    99 |   161 |    42 ||   376
       Searing Ray       |       |     8 |    33 |    29 ||    70
       Iskenderun's Myst |       |       |       |     3 ||     3
 Abil: Breathe Dispellin |       |       |     2 |       ||     2
  Use: Scroll            |       |     6 |     6 |     7 ||    19
       Potion            |       |       |     1 |     3 ||     4
 Stab: Sleeping          |     1 |       |     1 |     1 ||     3
       Distracted        |       |       |     1 |       ||     1
Armor: Skin              |    29 |    38 |    72 |    68 ||   207
Dodge: Dodged            |    72 |    72 |   161 |   140 ||   445

Table legend: (Time is in decaauts)
 A = Elapsed time spent in this place.
 B = Non-inter-level travel time spent in this place.
 C = Inter-level travel time spent in this place.
 D = Time resting spent in this place.
 E = Time spent auto-exploring this place.
 F = Levels seen in this place.
 G = Mean time per level.
                   A        B        C        D        E       F      G
               +--------+--------+--------+--------+--------+-----+--------+
         Total |  19012 |  17023 |   1989 |   8944 |   5602 |  12 | 1584.3 |
       Dungeon |  18880 |  16913 |   1967 |   8944 |   5495 |  11 | 1716.4 |
        Temple |    132 |    110 |     22 |      0 |    107 |   1 |  132.0 |
               +--------+--------+--------+--------+--------+-----+--------+

Top non-repeatable levels by time:
    D:10: 3525 daAuts
     D:6: 2274 daAuts
     D:9: 1886 daAuts
     D:1: 1844 daAuts
     D:4: 1755 daAuts
     D:3: 1744 daAuts
     D:5: 1625 daAuts
     D:8: 1606 daAuts
     D:7: 1397 daAuts
     D:2: 1074 daAuts
    D:11: 144 daAuts
  Temple: 132 daAuts
